 Dungeon Sprint DCSS version 0.21.1-1-g345015f (webtiles) character file.

330556 equalderp2856 the Minotaur Barricade (level 19, -59/207 HPs)
             Began as a Minotaur Fighter on May 17, 2018.
             Killed from afar by an orb of fire (70 damage)
             ... with a bolt of fire
             ... in the Dungeon (Sprint IX: "|||||||||||||||||||||||||||||") on May 18, 2018.
             The game lasted 00:38:27 (15335 turns).

equalderp2856 the Minotaur Barricade (MiFi)        Turns: 15335, Time: 00:38:27

Health: -59/207    AC: 44    Str: 30    XL:     19   Next: 50%
Magic:  0/42       EV: 28    Int:  9    God:
Gold:   874        SH: 30    Dex: 21    Spells: 43/58 levels left

rFire    . . .     SeeInvis .   C - +5 broad axe (venom)
rCold    + . .     Gourm    .   z - +2 large shield {rC+}
rNeg     + . .     Faith    .   q - +6 plate armour
rPois    .         Spirit   +   Q - +2 hat {MR+}
rElec    .         Reflect  .   x - +0 cloak
rCorr    .         Harm     .   W - +2 pair of gloves {Str+3}
MR       ++...     NoTele   +   K - +2 pair of boots
Stlth    ..........             Z - amulet of Iteifoh {Spirit rN+ Dex+2}
HPRegen  0.44/turn              R - +6 ring of dexterity
MPRegen  0.28/turn              T - +4 ring of protection

@: mighty, very slightly contaminated, hasted, very quick
A: retaliatory headbutt, horns 2
}: 5/15 runes: decaying, serpentine, barnacled, silver, gossamer
a: no special abilities


You were in the Dungeon.
You were not hungry.

You visited 1 branch You collected 1954 gold pieces.
You spent 1080 gold pieces at shops.

Inventory:

Hand Weapons
 a - the +5 broad axe "Wibbyot" {flame, *Noise rElec rC+ Dex+10}
   (You found it in the Dungeon)

   It has been specially enchanted to burn those struck by it, causing extra
   injury to most foes and up to half again as much damage against particularly
   susceptible opponents.
   Big, fiery blades are also staple armaments of hydra-hunters.
   It affects your dexterity (+10).
   It protects you from cold.
   It insulates you from electricity.
   It may make noises in combat.
 e - a +1 broad axe of venom
 p - a +3 war axe of freezing
 C - a +5 broad axe of venom (weapon)
 J - the +5 hand crossbow of Wiklamoshe {penet, rElec rPois Int+2}
   (You found it in the Dungeon)

   Ammo fired by it will pass through the targets it hits, potentially hitting
   all targets in its path until it reaches maximum range.
   It affects your intelligence (+2).
   It insulates you from electricity.
   It protects you from poison.
 Y - a +0 broad axe
Armour
 b - a +2 chain mail of magic resistance
 q - a +6 plate armour (worn)
 x - a +0 cloak (worn)
 z - a +2 large shield of cold resistance (worn)
 K - a +2 pair of boots (worn)
 P - +1 ice dragon scales
 Q - a +2 hat of magic resistance (worn)
 V - a +3 plate armour of cold resistance
 W - a +2 pair of gloves of strength (worn)
Jewellery
 r - a +3 ring of dexterity
 y - an uncursed ring of magical power
 A - the ring "Ucaringeck" {Ice Str+4 Dex+4}
   (You found it in the Dungeon)

   [ring of ice]

   It enhances your ice magic.
   It affects your strength (+4).
   It affects your dexterity (+4).
   It makes you vulnerable to fire.
   It protects you from cold.
 B - the amulet of the Elephant {RegenMP Str+3 Int+3}
   (You found it in the Dungeon)

   [amulet of magic regeneration]

   It increases your magic regeneration.
   It affects your strength (+3).
   It affects your intelligence (+3).
 D - an uncursed ring of protection from magic
 H - an uncursed ring of protection from cold
 I - an uncursed ring of fire
 L - the amulet "Kothrapt" {Spirit rC+ MR++ Dex-4 SInv}
   (You found it in the Dungeon)

   [amulet of guardian spirit]

   It causes incoming damage to be split between your health and magic.
   It affects your dexterity (-4).
   It protects you from cold.
   It affects your resistance to hostile enchantments.
   It lets you see invisible.
 M - the ring "Disuog" {rF++ MR- Dex+3}
   (You found it in the Dungeon)

   [ring of dexterity]

   It affects your dexterity (+3).
   It greatly protects you from fire.
   It affects your resistance to hostile enchantments.
 R - a +6 ring of dexterity (left hand)
 S - a +6 ring of intelligence
 T - a +4 ring of protection (right hand)
 U - a +6 ring of intelligence
 Z - the amulet of Iteifoh (around neck) {Spirit rN+ Dex+2}
   (You found it in the Dungeon)

   [amulet of guardian spirit]

   It causes incoming damage to be split between your health and magic.
   It affects your dexterity (+2).
   It protects you from negative energy.
Wands
 o - a wand of acid (2)
Scrolls
 m - 6 scrolls of remove curse
 n - 2 scrolls of amnesia
 s - 5 scrolls of enchant weapon
 u - 4 scrolls of fog
 v - 4 scrolls of fear
 w - 3 scrolls of identify
 X - 6 scrolls of enchant armour
Potions
 d - 3 potions of might
 g - 5 potions of heal wounds
 h - 7 potions of haste
 i - 5 potions of magic
 j - 2 potions of berserk rage
 l - a potion of invisibility
 t - 2 potions of resistance
 N - a potion of brilliance
 O - 2 potions of agility
Books
 c - a book of Dreams

   Spells                             Type                      Level
   a - Ensorcelled Hibernation        Hexes/Ice                    2
   b - Borgnjor's Vile Clutch         Necromancy/Earth             5
   c - Silence                        Hexes/Air                    5
   d - Darkness                       Hexes                        6
   e - Shadow Creatures               Summoning                    6
 G - a book of Minor Magic

   Spells                             Type                      Level
   a - Magic Dart                     Conjuration                  1
   b - Blink                          Translocation                2
   c - Call Imp                       Summoning                    2
   d - Slow                           Hexes                        2
   e - Conjure Flame                  Conjuration/Fire             3
   f - Mephitic Cloud                 Conjuration/Poison/Air       3
Miscellaneous
 E - a lamp of fire
 F - a phial of floods
Comestibles
 f - 7 rations


   Skills:
 O Level 27 Fighting
 O Level 27 Axes
 O Level 27 Armour
 + Level 25.2 Dodging
 + Level 7.5 Stealth
 O Level 27 Shields
 * Level 20.3 Spellcasting
 O Level 27 Evocations


You had 43 spell levels left.
You knew the following spells:

 Your Spells              Type           Power        Failure   Level  Hunger
a - Magic Dart            Conj           #...         14%         1    None
b - Blink                 Tloc           N/A          21%         2    None
c - Slow                  Hex            #.......     21%         2    None
d - Conjure Flame         Conj/Fire      #.......     38%         3    None
e - Ensorcelled Hibernat  Hex/Ice        #.....       21%         2    None
f - Borgnjor's Vile Clut  Necr/Erth      #.........   98%         5    #####..


Dungeon Overview and Level Annotations

Branches:
Dungeon (1/1)

Altars:
Cheibriados
Dithmenos
Elyvilon
Fedhas
Gozag
Hepliaklqana
Kikubaaqudgha
Makhleb
Nemelex Xobeh
Okawaru
Qazlal
Ru
Sif Muna
Trog
Uskayaw
Vehumet
Wu Jian
Xom
Yredelemnul
Zin
The Shining One
Beogh
Jiyva
Lugonu

Shops:
D :(}[


Innate Abilities, Weirdness & Mutations

You reflexively headbutt those who attack you in melee.
You have a pair of horns on your head.


Message History

The orb of fire is moderately damaged.
The ancient lich is engulfed in blazing flames.
The orb of fire glows red.
The bolt of fire hits you!
* * * LOW HITPOINT WARNING * * *
Blink to where?
Press: ? - help, Dir - move target cursor You are very lightly contaminated with residual magic.
As you read the scroll of blinking, it crumbles to dust.
As you read the scroll of fog, it crumbles to dust.
The scroll dissolves into smoke.
Unknown command.
Okay, then.
You feel yourself speed up.
You see here a short sword.
There is an open door, spattered with blood here.
You see here a scimitar.
The orb of fire glows yellow.
The bolt of fire hits you!
You die...

▓§▓.▓.▓.▓.▓.▓.▓.▓.
▓§▓.▓.▓.▓)▓.▓.▓.▓.
▓§▓.▓.▓.▓)▓.▓.▓.▓'
▓*▓.▓.▓.▓.▓.▓)▓.▓.
▓§▓.▓[▓.▓[▓.▓)▓.▓.
▓.▓.▓.▓.▓)▓.▓)▓.▓.
▓.▓.▓.▓.▓[▓.▓)▓.▓.
▓.▓.▓.▓.▓[▓.▓.▓.▓.
▓@▓.▓.▓.▓.▓.▓)▓.▓.
▓.▓.▓)▓.▓.▓.▓)▓.▓[
▓.▓.▓'▓.▓.▓.▓)▓.▓)
▓.▓.▓)▓.▓.▓.▓)▓.▓[
▓.▓.▓.▓.▓.▓.▓[▓.▓)
▓.▓.▓.▓.▓)▓.▓'▓.▓)
▓'▓.▓.▓.▓.▓.▓)▓.▓)
▓.▓.▓.▓.▓.▓.▓.▓.▓)
▓.▓.▓.▓.▓'▓.▓.▓.▓'


You could see an orb of fire.

Vanquished Creatures
  2 ancient liches (D)
  An orb of fire (D)
  Mennas (D)
  Frederick (D)
  Boris (D)
  A Killer Klown (D)
  Jory (D)
  Nikola (D)
  3 golden dragons (D)
  3 bone dragons (D)
  An electric golem (D)
  A lich (D)
  6 tentacled monstrosities (D)
  16 Orb Guardians (D)
  A quicksilver dragon (D)
  Frances (D)
  2 death cobs (D)
  3 sphinxes (D)
  Gastronok (D)
  Kirke (D)
  3 draconian monks (D)
  4 storm dragons (D)
  6 shadow dragons (D)
  7 nagarajas (D)
  Ilsuiw (D)
  A draconian knight (D)
  3 vault wardens (D)
  A frost giant (D)
  6 emperor scorpions (D)
  3 ghost moths (D)
  Louise (D)
  A draconian scorcher (D)
  3 ironheart preservers (D)
  A draconian shifter (D)
  A war gargoyle (D)
  3 draconian annihilators (D)
  3 green draconians (D)
  5 very ugly things (D)
  A draconian stormcaller (D)
  3 stone giants (D)
  4 black draconians (D)
  2 spark wasps (D)
  Nessos (D)
  A dire elephant (D)
  A purple draconian (D)
  2 red draconians (D)
  2 yellow draconians (D)
  3 ettins (D)
  2 white draconians (D)
  2 merfolk javelineers (D)
  Snorg (D)
  2 fire dragons (D)
  A deep elf high priest (D)
  3 yaktaur captains (D)
  5 merfolk impalers (D)
  4 great orbs of eyes (D)
  2 naga warriors (D)
  9 hydras (D)
  Erolcha (D)
  25 vault guards (D)
  2 ice dragons (D)
  A spriggan air mage (D)
  A merfolk avatar (D)
  A ghost crab (D)
  4 ogre magi (D)
  2 death knights (D)
  3 merfolk aquamancers (D)
  A two-headed ogre (D)
  3 tengu warriors (D)
  A vampire mage (D)
  A death yak (shapeshifter) (D)
  2 orc high priests (D)
  A deep troll earth mage (D)
  A naga sharpshooter (D)
  A shock serpent (D)
  Nergalle (D)
  Sonja (D)
  A flayed ghost (D)
  2 unseen horrors (D)
  A deep elf archer (D)
  3 glowing orange brains (D)
  A swamp dragon (shapeshifter) (D)
  A shambling mangrove (D)
  3 sea snakes (D)
  3 swamp dragons (D)
  4 wolf spiders (D)
  16 orc knights (D)
  2 ironbrand convokers (D)
  4 ugly things (D)
  2 manticores (D)
  12 moths of wrath (D)
  An orc sorcerer (D)
  7 elephants (D)
  A merfolk siren (D)
  2 guardian serpents (D)
  4 naga magi (D)
  3 vault sentinels (D)
  4 black mambas (D)
  A torpor snail (D)
  A spiny frog (D)
  A kobold demonologist (D)
  2 yaktaurs (D)
  A demonic crawler (D)
  A freezing wraith (D)
  4 merfolk (D)
  A jumping spider (D)
  2 hornets (D)
  3 trolls (D)
  A tyrant leech (D)
  A snapping turtle (D)
  A blink frog (D)
  A hippogriff (D)
  A bog body (D)
  2 slime creatures (D)
  2 redbacks (D)
  2 tarantellas (D)
  Eustachio (D)
  A hog (D)
  A fire bat (shapeshifter) (D)
  A vampire mosquito (D)
  3 nagas (D)
  An acid dragon (D)
  2 water moccasins (D)
  A floating eye (D)
  12 orc warriors (D)
  4 porcupines (D)
  An eye of draining (D)
  4 swamp drakes (D)
  An ice beast (D)
  A sky beast (D)
  A wolf (D)
  A centaur (D)
  6 bullfrogs (D)
  A scorpion (D)
  A quasit (D)
  5 orc priests (D)
  An orc wizard (D)
  An iguana (D)
  A worker ant (D)
  A shadow imp (D)
  An adder skeleton (D)
  A leopard gecko (D)
  6 orcs (D)
  A goblin (D)
  A jackal (D)
  A bat (D)
  2 frilled lizards (D)
  A rat (D)
377 creatures vanquished.

Vanquished Creatures (others)
  A spatial maelstrom (D)
  A hornet (D)
  A tyrant leech (D)
  A human (D)
4 creatures vanquished.

Grand Total: 381 creatures vanquished

Notes
Turn   | Place    | Note
-------+----------+-------------------------------------------
     0 | D        | equalderp2856 the Minotaur Fighter began the quest for the Orb.
     0 | D        | Reached XP level 1. HP: 19/19 MP: 0/0
    12 | D        | Banished a spatial maelstrom
    82 | D        | Noticed a centaur
    82 | D        | Noticed a worker ant
    82 | D        | Noticed a scorpion
    87 | D        | Killed a scorpion
    87 | D        | Reached skill level 5 in Fighting
    87 | D        | Reached skill level 5 in Shields
    87 | D        | Reached XP level 2. HP: 30/30 MP: 1/1
    87 | D        | Reached XP level 3. HP: 37/37 MP: 2/2
    90 | D        | Reached XP level 4. HP: 38/44 MP: 3/3
    96 | D        | Killed a centaur
    96 | D        | Reached XP level 5. HP: 37/52 MP: 4/4
   183 | D        | Found a roughly hewn altar of Beogh.
   183 | D        | Found a snail-covered altar of Cheibriados.
   183 | D        | Found a shadowy altar of Dithmenos.
   183 | D        | Found a white marble altar of Elyvilon.
   183 | D        | Found a blossoming altar of Fedhas.
   183 | D        | Found an opulent altar of Gozag.
   184 | D        | Found a hazy altar of Hepliaklqana.
   185 | D        | Found a viscous altar of Jiyva.
   186 | D        | Found an ancient bone altar of Kikubaaqudgha.
   187 | D        | Found a corrupted altar of Lugonu.
   188 | D        | Found a burning altar of Makhleb.
   189 | D        | Found a sparkling altar of Nemelex Xobeh.
   190 | D        | Found an iron altar of Okawaru.
   191 | D        | Found a stormy altar of Qazlal.
   192 | D        | Found a sacrificial altar of Ru.
   193 | D        | Found a deep blue altar of Sif Muna.
   194 | D        | Found a bloodstained altar of Trog.
   195 | D        | Found a hide-covered altar of Uskayaw.
   196 | D        | Found a radiant altar of Vehumet.
   197 | D        | Found an ornate altar of the Wu Jian Council.
   198 | D        | Found a shimmering altar of Xom.
   199 | D        | Found a basalt altar of Yredelemnul.
   200 | D        | Found a glowing silver altar of Zin.
   201 | D        | Found a glowing golden altar of the Shining One.
   229 | D        | Noticed an ice beast
   229 | D        | Noticed a troll
   238 | D        | Killed an unseen horror
   238 | D        | Reached skill level 10 in Armour
   238 | D        | Reached skill level 1 in Dodging
   238 | D        | Reached skill level 10 in Shields
   238 | D        | Reached XP level 6. HP: 27/66 MP: 5/5
   238 | D        | Reached XP level 7. HP: 30/71 MP: 6/6
   242 | D        | Killed a troll
   242 | D        | Reached skill level 10 in Fighting
   242 | D        | Reached skill level 10 in Axes
   251 | D        | Reached XP level 8. HP: 32/80 MP: 7/7
   461 | D        | Noticed a troll
   461 | D        | Noticed a manticore
   461 | D        | Noticed a two-headed ogre
   465 | D        | Killed a two-headed ogre
   469 | D        | Killed a manticore
   469 | D        | Reached XP level 9. HP: 30/89 MP: 8/8
   480 | D        | Killed a troll
   500 | D        | Killed an unseen horror
   500 | D        | Reached skill level 1 in Evocations
   910 | D        | Noticed a spiny frog
   926 | D        | Reached skill level 15 in Axes
   932 | D        | Killed a spiny frog
   935 | D        | Reached XP level 10. HP: 40/99 MP: 8/10
  1161 | D        | Noticed a black mamba
  1162 | D        | Noticed a black mamba
  1168 | D        | Killed a black mamba
  1170 | D        | Killed a black mamba
  1244 | D        | Noticed an elephant
  1244 | D        | Noticed an elephant
  1244 | D        | Noticed an elephant
  1244 | D        | Noticed an elephant
  1244 | D        | Noticed an elephant
  1244 | D        | Noticed an elephant
  1251 | D        | Noticed a dire elephant
  1251 | D        | Killed an elephant
  1259 | D        | Killed an elephant
  1270 | D        | Killed a dire elephant
  1270 | D        | Reached skill level 5 in Dodging
  1276 | D        | Killed an elephant
  1276 | D        | Reached skill level 1 in Stealth
  1285 | D        | Noticed an elephant
  1285 | D        | Killed an elephant
  1289 | D        | Killed an elephant
  1289 | D        | Reached XP level 11. HP: 39/110 MP: 11/11
  1301 | D        | Reached skill level 15 in Armour
  1707 | D        | Noticed an orc sorcerer
  1707 | D        | Noticed an orc high priest
  1713 | D        | Killed an orc high priest
  1715 | D        | Killed an orc sorcerer
  2603 | D        | Noticed an orc knight
  2603 | D        | Noticed an orc high priest
  2605 | D        | Noticed a sun demon
  2606 | D        | Noticed a sun demon
  2606 | D        | Noticed an orc knight
  2692 | D        | Noticed a soul eater
  2701 | D        | Killed an orc high priest
  2701 | D        | Reached skill level 15 in Fighting
  2701 | D        | Reached skill level 15 in Shields
  2902 | D        | Killed an orc knight
  2903 | D        | Noticed an orc knight
  2996 | D        | Killed an orc knight
  3171 | D        | Killed an orc knight
  3215 | D        | Found Dikkossu's Armour Boutique.
  3215 | D        | Noticed an orc knight
  3215 | D        | Noticed an orc knight
  3215 | D        | Noticed an orc knight
  3516 | D        | Killed an orc knight
  3628 | D        | Killed an orc knight
  3870 | D        | Killed an orc knight
  3874 | D        | Noticed an orc knight
  3884 | D        | Killed an orc knight
  3983 | D        | Found Faklig's Gadget Shop.
  3987 | D        | Found Dizo's Weapon Boutique.
  3991 | D        | Found Ibriegas's Book Shop.
  3993 | D        | Noticed an orc knight
  3994 | D        | Noticed an orc knight
  3995 | D        | Noticed an orc knight
  3996 | D        | Noticed an orc knight
  4001 | D        | Noticed an orc knight
  4012 | D        | Killed an orc knight
  4150 | D        | Killed an orc knight
  4196 | D        | Killed an orc knight
  4196 | D        | Reached XP level 12. HP: 79/124 MP: 12/12
  4365 | D        | Bought a lamp of fire for 440 gold pieces
  4365 | D        | Bought a phial of floods for 440 gold pieces
  4377 | D        | Bought a book of Minor Magic for 200 gold pieces
  4383 | D        | Learned a level 1 spell: Magic Dart
  4386 | D        | Learned a level 2 spell: Blink
  4389 | D        | Learned a level 2 spell: Slow
  4393 | D        | Learned a level 3 spell: Conjure Flame
  4439 | D        | Noticed Sonja
  4440 | D        | Noticed Erolcha
  4448 | D        | Killed Erolcha
  4524 | D        | Found the +3 giant club "Skullcrusher" {speed, Str+7}
  4533 | D        | Got the +5 hand crossbow of Wiklamoshe {penet, rElec rPois Int+2}
  4537 | D        | Found the +2 robe of Vines {NoPotionHeal Regen+7}
  4762 | D        | Noticed a four-headed hydra
  4762 | D        | Noticed a death knight
  4782 | D        | Killed a death knight
  4784 | D        | Noticed an ogre mage
  4788 | D        | Killed a nine-headed hydra
  4793 | D        | Noticed a tengu warrior
  4793 | D        | Noticed a fire dragon
  4799 | D        | Noticed a great orb of eyes
  4806 | D        | Killed an ogre mage
  4810 | D        | Noticed a frost giant
  4813 | D        | Killed a tengu warrior
  4821 | D        | Killed a fire dragon
  5072 | D        | Killed a great orb of eyes
  5081 | D        | Killed a frost giant
  5321 | D        | Noticed a death yak
  5330 | D        | Killed a death yak
  5365 | D        | Noticed Nessos
  5377 | D        | Killed Nessos
  5413 | D        | Noticed Gastronok
  5414 | D        | Noticed Frances
  5416 | D        | Noticed Nergalle
  5698 | D        | Killed Gastronok
  5698 | D        | Reached skill level 10 in Dodging
  5698 | D        | Reached XP level 13. HP: 136/136 MP: 14/14
  5735 | D        | Killed Frances
  5774 | D        | Killed Nergalle
  5991 | D        | Noticed an emperor scorpion
  6018 | D        | Killed an emperor scorpion
  6445 | D        | Noticed Eustachio
  6462 | D        | Killed Eustachio
  6491 | D        | Noticed Snorg
  6493 | D        | Noticed Kirke
  6503 | D        | Killed Snorg
  6531 | D        | Killed Kirke
  6561 | D        | Killed Sonja
  6644 | D        | Noticed an ettin
  6644 | D        | Noticed a spark wasp
  6648 | D        | Killed a spark wasp
  6648 | D        | Reached skill level 5 in Evocations
  6648 | D        | Reached XP level 14. HP: 127/149 MP: 16/16
  6661 | D        | Noticed a cyan very ugly thing
  6662 | D        | Noticed a stone giant
  6670 | D        | Killed a cyan very ugly thing
  6670 | D        | Noticed a purple very ugly thing
  6677 | D        | Killed a stone giant
  6683 | D        | Killed a purple very ugly thing
  6703 | D        | Noticed a stone giant
  6716 | D        | Killed a stone giant
  6897 | D        | Noticed an ironheart preserver
  6933 | D        | Killed an ironheart preserver
  7001 | D        | Noticed an ironheart preserver
  7023 | D        | Noticed a sphinx
  7025 | D        | Killed an ironheart preserver
  7041 | D        | Noticed a sphinx
  7047 | D        | Killed a sphinx
  7054 | D        | Killed a sphinx
  7236 | D        | Noticed Nikola
  7249 | D        | Killed Nikola
  7249 | D        | Reached XP level 15. HP: 137/162 MP: 17/19
  7357 | D        | Noticed Boris
  7384 | D        | Killed Boris
  7712 | D        | Found the +13 scythe of Curses {drain, *Curse}
  7910 | D        | Noticed a nagaraja
  7910 | D        | Noticed a nagaraja
  7910 | D        | Noticed a nagaraja
  7912 | D        | Noticed a nagaraja
  7916 | D        | Killed a nagaraja
  7917 | D        | Noticed a nagaraja
  7922 | D        | Killed a nagaraja
  7925 | D        | Killed a nagaraja
  7930 | D        | Noticed a nagaraja
  7930 | D        | Killed a nagaraja
  7937 | D        | Killed a nagaraja
  7938 | D        | Noticed a nagaraja
  7946 | D        | Killed a nagaraja
  7952 | D        | Killed a nagaraja
  7962 | D        | Got a serpentine rune of Zot
  8170 | D        | Killed a ghost moth
  8171 | D        | Killed a ghost moth
  8216 | D        | Reached skill level 27 in Shields
  8253 | D        | Got a gossamer rune of Zot
  8624 | D        | HP: 8/170 [poison (poison gas)]
  8629 | D        | HP: 6/170 [poison (poison gas)]
  8634 | D        | HP: 5/170 [poison (poison gas)]
  8640 | D        | HP: 4/170 [poison (poison gas)]
  8648 | D        | HP: 5/170 [poison (poison gas)]
  8656 | D        | HP: 6/170 [poison (poison gas)]
  8661 | D        | Got a decaying rune of Zot
  9002 | D        | Noticed Ilsuiw
  9009 | D        | Reached XP level 16. HP: 142/180 MP: 22/22
  9017 | D        | Killed Ilsuiw
  9023 | D        | Reached skill level 10 in Evocations
  9024 | D        | Reached skill level 27 in Axes
  9054 | D        | Got a barnacled rune of Zot
  9402 | D        | Reached skill level 27 in Fighting
  9422 | D        | Reached skill level 15 in Dodging
  9577 | D        | Noticed a quicksilver dragon
  9577 | D        | Noticed a storm dragon
  9589 | D        | Killed a storm dragon
  9631 | D        | Killed a quicksilver dragon
  9768 | D        | Noticed a shadow dragon
  9770 | D        | Noticed a shadow dragon
  9785 | D        | Killed a shadow dragon
  9794 | D        | Killed a shadow dragon
  9808 | D        | Noticed an Orb Guardian
  9808 | D        | Noticed an Orb Guardian
  9808 | D        | Noticed a sphinx
  9808 | D        | Reached skill level 15 in Evocations
  9818 | D        | Killed an Orb Guardian
  9835 | D        | Reached XP level 17. HP: 72/191 MP: 27/27
  9838 | D        | Killed an Orb Guardian
 10195 | D        | Noticed a golden dragon
 10196 | D        | Noticed a lich
 10207 | D        | Killed a golden dragon
 10207 | D        | Killed a lich
 10209 | D        | Noticed a tentacled monstrosity
 10214 | D        | Reached skill level 27 in Armour
 10237 | D        | Killed a tentacled monstrosity
 10360 | D        | Got a silver rune of Zot
 10365 | D        | Learned a level 2 spell: Ensorcelled Hibernation
 10371 | D        | Learned a level 5 spell: Borgnjor's Vile Clutch
 10679 | D        | Noticed Jory
 10699 | D        | Killed Jory
 10845 | D        | Noticed Mennas
 10939 | D        | Killed Mennas
 11097 | D        | Got the ring "Disuog" {rF++ MR- Dex+3}
 11099 | D        | Got the amulet of Iteifoh {Spirit rN+ Dex+2}
 11113 | D        | Got the ring "Ucaringeck" {Ice Str+4 Dex+4}
 11121 | D        | Got the amulet of the Elephant {RegenMP Str+3 Int+3}
 11123 | D        | Got the amulet "Kothrapt" {Spirit rC+ MR++ Dex-4 SInv}
 11153 | D        | Got the +5 broad axe "Wibbyot" {flame, *Noise rElec rC+ Dex+10}
 11288 | D        | Noticed Louise
 11301 | D        | Killed Louise
 11301 | D        | Reached skill level 5 in Spellcasting
 11317 | D        | Noticed Frederick
 11331 | D        | Killed Frederick
 11386 | D        | Paralysed by a floating eye for 3 turns
 11394 | D        | Paralysed by a floating eye for 3 turns
 11405 | D        | Paralysed by a floating eye for 4 turns
 11417 | D        | Paralysed by a floating eye for 3 turns
 11814 | D        | Noticed a bone dragon
 11814 | D        | Noticed a golden dragon
 11814 | D        | Noticed a bone dragon
 11824 | D        | Noticed a bone dragon
 11861 | D        | Killed a bone dragon
 12217 | D        | Killed a bone dragon
 12240 | D        | Killed a bone dragon
 12536 | D        | Killed a golden dragon
 12581 | D        | Reached skill level 10 in Spellcasting
 12581 | D        | Reached XP level 18. HP: 148/200 MP: 25/32
 13234 | D        | Noticed a tentacled monstrosity
 13240 | D        | Killed a tentacled monstrosity
 13417 | D        | Reached skill level 5 in Stealth
 14188 | D        | Noticed a tentacled monstrosity
 14189 | D        | Noticed a Killer Klown
 14203 | D        | Killed a tentacled monstrosity
 14207 | D        | Noticed a tentacled monstrosity
 14219 | D        | Killed a tentacled monstrosity
 14275 | D        | Killed a Killer Klown
 14366 | D        | Noticed a tentacled monstrosity
 14366 | D        | Noticed a golden dragon
 14374 | D        | Noticed a tentacled monstrosity
 14385 | D        | Killed a golden dragon
 14388 | D        | Killed a tentacled monstrosity
 14391 | D        | Killed a tentacled monstrosity
 14391 | D        | Reached skill level 27 in Evocations
 14514 | D        | Noticed an Orb Guardian
 14514 | D        | Noticed an Orb Guardian
 14514 | D        | Noticed an Orb Guardian
 14514 | D        | Noticed an Orb Guardian
 14514 | D        | Noticed an Orb Guardian
 14514 | D        | Noticed an Orb Guardian
 14517 | D        | Killed an Orb Guardian
 14524 | D        | Killed an Orb Guardian
 14529 | D        | Killed an Orb Guardian
 14536 | D        | Killed an Orb Guardian
 14536 | D        | Reached skill level 15 in Spellcasting
 14543 | D        | Killed an Orb Guardian
 14552 | D        | Killed an Orb Guardian
 14722 | D        | Noticed an Orb Guardian
 14723 | D        | Noticed an Orb Guardian
 14724 | D        | Noticed an Orb Guardian
 14728 | D        | Killed an Orb Guardian
 14735 | D        | Killed an Orb Guardian
 14739 | D        | Killed an Orb Guardian
 14739 | D        | Reached XP level 19. HP: 206/207 MP: 38/38
 14918 | D        | Noticed an ancient lich
 14927 | D        | Killed an ancient lich
 15189 | D        | Noticed an orb of fire
 15213 | D        | Killed an orb of fire
 15274 | D        | Noticed an electric golem
 15289 | D        | Noticed an ancient lich
 15289 | D        | Noticed a Killer Klown
 15302 | D        | Noticed an orb of fire
 15306 | D        | Killed an electric golem
 15318 | D        | Killed an ancient lich
 15320 | D        | Noticed an ancient lich
 15322 | D        | HP: 7/207 [orb of fire/bolt of fire (68)]
 15335 | D        | Killed from afar by an orb of fire

Skill      XL: |  1  2  3  4  5  6  7  8  9 10 11 12 13 14 15 16 17 18 19 |
---------------+----------------------------------------------------------+-----
Fighting       | 5 6 7 9 10 11 12 14 16 18 20 22 25 27 | 27.0
Armour         | 6 7 10 11 12 13 14 15 16 17 18 19 25 27 | 27.0
Shields        | 5 6 7 10 11 12 14 16 19 22 25 27 | 27.0
Axes           | 4 6 9 10 13 15 17 19 21 22 23 26 27 | 27.0
Dodging        | 1 2 3 5 8 10 11 13 14 17 19 22 25 | 25.2
Evocations     | 1 2 5 6 9 15 22 27 | 27.0
Stealth        | 1 2 3 4 6 7 |  7.5
Spellcasting   | 10 16 20 | 20.3

Action                   |  1- 3 |  4- 6 |  7- 9 | 10-12 | 13-15 | 16-18 | 19-21 || total
-------------------------+-------+-------+-------+-------+-------+-------+-------++-------
Melee: War axe           |    15 |    20 |    64 |   393 |   504 |   580 |       ||  1576
       Headbutt          |     2 |     6 |    17 |   108 |   159 |   264 |    27 ||   583
       Broad axe         |       |       |       |       |       |   163 |    90 ||   253
Evoke: Wand              |       |       |     2 |     4 |       |     2 |       ||     8
       Lamp of fire      |       |       |       |       |    12 |    18 |     2 ||    32
       Phial of floods   |       |       |       |       |       |     1 |       ||     1
  Use: Potion            |       |       |     6 |       |     1 |    12 |     4 ||    23
       Scroll            |       |       |       |     1 |     2 |     2 |     2 ||     7
 Stab: Confused          |       |       |       |       |     2 |       |       ||     2
  Eat: Chunk             |       |       |       |    10 |     4 |     9 |     1 ||    24
       Ration            |       |       |       |     1 |     2 |     3 |     1 ||     7
Armor: Scale mail        |     4 |     9 |    22 |    33 |       |       |       ||    68
       Ice dragon scales |       |       |       |    16 |    57 |       |       ||    73
       Plate armour      |       |       |       |       |    65 |   167 |    14 ||   246
Dodge: Dodged            |       |     3 |    15 |    69 |   138 |   170 |    28 ||   423
Block: Shield            |     7 |    11 |    29 |    97 |       |       |       ||   144
       Large shield      |       |       |       |    84 |   489 |   655 |    59 ||  1287
